 Dungeon Crawl Stone Soup version 0.27.1-35-g4d5d836560 (webtiles) character file.

Game seed: 15507518591271623462

1283 CrazyMind the Sneak (level 8, -9/48 HPs)
             Began as an Octopode Earth Elementalist on July 9, 2022.
             Mangled by an ice beast (11 damage)
             ... on level 6 of the Dungeon.
             The game lasted 00:32:39 (8187 turns).

CrazyMind the Sneak (Octopode Earth Elementalist)   Turns: 8187, Time: 00:32:39

Health: -9/48      AC:  1    Str:  7    XL:     8   Next: 55%
Magic:  4/15       EV: 13    Int: 19    God:
Gold:   305        SH:  0    Dex: 13    Spells: 11/17 levels left

rFire    . . .     SeeInvis .   t - +2 trident (protect)
rCold    . . .     Faith    .   (no shield)
rNeg     . . .     Spirit   .   (helmet restricted)
rPois    .         Reflect  .   u - amulet of the acrobat
rElec    .         Harm     .   (no ring)
rCorr    .         Rampage  .   (no ring)
Will     .....                  (no ring)
Stlth    ++++......             (no ring)
HPRegen  0.16/turn              (no ring)
MPRegen  0.14/turn              (no ring)
                                (no ring)
                                (no ring)

@: very slightly contaminated
A: almost no armour, amphibious, 8 rings, camouflage 1, gelatinous body 1,
(nimble swimmer 1), tentacles
a: no special abilities


You were on level 6 of the Dungeon.
You visited 2 branches of the dungeon, and saw 7 of its levels.

You collected 305 gold pieces.

Inventory:

Hand Weapons
 e - a +1 dagger of pain
 o - a +0 dagger of electrocution
 t - a +2 trident of protection (weapon)
Missiles
 b - 103 stones
 h - 4 javelins
 l - 28 poisoned darts (quivered)
Magical Staves
 p - a staff of poison
Jewellery
 u - an amulet of the acrobat (around mantle)
Wands
 f - a wand of polymorph (5)
 j - a wand of digging (9)
 q - a wand of flame (10)
Scrolls
 d - a scroll of summoning {unknown}
 i - a scroll of blinking
 m - a scroll of enchant armour
 n - a scroll of amnesia {unknown}
 s - 2 scrolls of immolation {unknown}
Potions
 a - a potion of heal wounds {unknown}
 c - 2 potions of haste {unknown}
 g - a potion of ambrosia {unknown}
 k - 2 potions of curing {unknown}
 r - a potion of flight {unknown}


   Skills:
 + Level 1.6 Fighting
 + Level 2.7 Dodging
 + Level 6.8 Stealth
 + Level 5.1 Spellcasting
 * Level 3.2 Conjurations
 - Level 1.0 Transmutations
 * Level 6.5 Earth Magic


You had 11 spell levels left.
You knew the following spells:

 Your Spells              Type           Power      Damage    Failure   Level
a - Sandblast             Erth           58%        2d13      1%          1
b - Passwall              Tmut/Erth      15%        N/A       4%          2
c - Stone Arrow           Conj/Erth      46%        3d9       4%          3

Your spell library contained the following spells:

 Spells                   Type           Power      Damage    Failure   Level
 Wereblood                Tmut           8%         N/A       12%         2
 Sublimation of Blood     Necr           2%         N/A       19%         2
 Petrify                  Tmut/Erth      19%        N/A       26%         4
 Summon Hydra             Summ           2%         N/A       100%        7


Dungeon Overview and Level Annotations

Branches:
Dungeon (6/15)             Temple (1/1) D:6

Altars:
Ashenzari
Cheibriados
Dithmenos
Makhleb
Nemelex Xobeh
Qazlal
Ru
Trog
Uskayaw
Vehumet
Wu Jian
Xom
Yredelemnul
Zin
The Shining One

Shops:
D:2 :   D:5 *

Annotations:
D:3 exclusions: kobold and orc, Grinder
D:4 orc with DISTORTION, exclusion: 4 orcs
D:5 exclusion: 2 black bears, Blork the orc, Eustachio
D:6 exclusions: ice beast and sky beast


Innate Abilities, Weirdness & Mutations

You cannot wear most types of armour.
You are amphibious.
You can wear up to eight rings at the same time.
Your skin changes colour to match your surroundings (Stealth+).
Your rubbery body absorbs attacks. (AC +1, EV +1)
((You are camouflaged near water. (Stealth+)))
You have tentacles for arms and can constrict up to eight enemies at once.


Message History

The stone arrow hits the ice beast!
The ice beast is severely wounded.
The ice beast hits you. The ice beast freezes you.
Unknown command.
You hit the ice beast.
Your weapon exudes an aura of protection.
The ice beast is severely wounded.
The ice beast hits you but does no damage.
You barely miss the ice beast.
The ice beast is severely wounded.
The ice beast hits you but does no damage.
You closely miss the ice beast.
The ice beast is severely wounded.
The ice beast hits you. The ice beast freezes you! The ice beast hits you.
The ice beast freezes you!
* * * LOW HITPOINT WARNING * * *
Casting: Stone Arrow (dangerous; 4% risk of failure)
Confirm with . or Enter, or press ? or * to list all spells.
Aiming: Stone Arrow (dangerous; 4% risk of failure)
Press: ? - help, Shift-Dir - straight line, f/p - ice beast
Aim: an ice beast (severely wounded, 71% to hit)
You miscast Stone Arrow.
You are very lightly contaminated with residual magic.
Nothing appears to happen.
The ice beast hits you.
* * * LOW HITPOINT WARNING * * *
The ice beast freezes you.
* * * LOW HITPOINT WARNING * * *
Okay, then.
Unknown command.
Casting: Stone Arrow (dangerous; 4% risk of failure)
Confirm with . or Enter, or press ? or * to list all spells.
Aiming: Stone Arrow (dangerous; 4% risk of failure)
Press: ? - help, Shift-Dir - straight line, f/p - ice beast
Aim: an ice beast (severely wounded, 71% to hit)
The stone arrow hits the ice beast.
The ice beast is almost dead.
The ice beast hits you.
* * * LOW HITPOINT WARNING * * *
The ice beast freezes you!
You die...

#.#Y#.#.#.#$#...#.#.#
...$.>.....[...#.#.#.#
.#.#.#.#.#.#.###.#.#(#
..............##...#.#
#.#.#.#$#.#.#######.#
#.########.#
#.############ #.# #.#
#............# ###.#
#.##################.#
....# #...Y@.......#
#.# ###.#
############.#######.#
### #.........#
#########.# #.# ###


You could see an ice beast.

Vanquished Creatures
  2 ice beasts
  A sky beast (D:6)
  A phantom (D:5)
  2 bullfrogs
  A wyvern zombie (D:6)
  2 scorpions (D:4)
  A bullfrog zombie (D:6)
  An orc priest (D:5)
  4 hounds
  2 jellies (D:6)
  2 iguanas (D:6)
  Natasha (D:3)
  2 orc wizards
  A howler monkey zombie (D:5)
  4 gnolls (D:2)
  A howler monkey skeleton (D:5)
  8 adders
  A shadow imp (D:5)
  An adder skeleton (D:2)
  A worm (D:2)
  A dart slug (D:3)
  10 orcs
  13 ball pythons
  12 endoplasms
  7 giant cockroaches
  2 goblins (D:1)
  6 hobgoblins
  3 jackals (D:4)
  2 quokkas (D:2)
  2 bats
  6 frilled lizards
  6 kobolds
  2 rats
  A butterfly (D:6)
112 creatures vanquished.

Notes
Turn   | Place    | Note
-------+----------+-------------------------------------------
     0 | D:1      | CrazyMind the Octopode Earth Elementalist began the quest
                  | for the Orb.
     0 | D:1      | Reached XP level 1. HP: 11/11 MP: 3/3
   238 | D:1      | Reached XP level 2. HP: 17/17 MP: 5/5
   241 | D:1      | Learned a level 2 spell: Passwall
  1189 | D:2      | Reached XP level 3. HP: 21/21 MP: 6/6
  1317 | D:2      | Learned a level 3 spell: Stone Arrow
  1549 | D:2      | Reached XP level 4. HP: 27/27 MP: 7/7
  1628 | D:2      | Found Sezead's Book Boutique.
  2352 | D:3      | Noticed Grinder
  2531 | D:3      | Reached XP level 5. HP: 22/32 MP: 5/8
  2699 | D:3      | Found a faded altar of an unknown god.
  2706 | D:3      | Reached skill level 5 in Stealth
  2999 | D:3      | Noticed Natasha
  3004 | D:3      | Killed Natasha
  3450 | D:4      | Reached skill level 1 in Fighting
  3450 | D:4      | Reached XP level 6. HP: 38/38 MP: 8/10
  3529 | D:4      | Reached skill level 1 in Conjurations
  4891 | D:5      | Entered Level 5 of the Dungeon
  4910 | D:5      | Found a sacrificial altar of Ru.
  4968 | D:5      | Noticed Blork the orc
  4993 | D:5      | Found a burning altar of Makhleb.
  5338 | D:5      | Found Ceaqis's General Store.
  5339 | D:5      | Found a glowing silver altar of Zin.
  5360 | D:5      | Found a shadowy altar of Dithmenos.
  5371 | D:5      | Noticed an ice beast
  5448 | D:4      | Reached XP level 7. HP: 22/43 MP: 1/12
  5599 | D:5      | Reached skill level 5 in Earth Magic
  6160 | D:5      | Noticed Eustachio
  6861 | D:6      | Reached XP level 8. HP: 21/48 MP: 10/14
  7182 | D:6      | Identified the +4 falchion "Impslayer" {protect, *Noise
                  | Dex+6}
  7435 | D:6      | Reached skill level 5 in Spellcasting
  7753 | D:6      | Found a staircase to the Ecumenical Temple.
  7769 | Temple   | Entered the Ecumenical Temple
  8187 | D:6      | HP: 2/48 [ice beast (1)]
  8187 | D:6      | Mangled by an ice beast

Illustrated notes

Levels and vault maps discovered:
D:1:      dpeg_arrival_orchard, layout_basic
D:2:      layout_rooms, serial_shops, shop
D:3:      layout_basic, hellmonk_ecumenical_altar_heavens_door, uniq_grinder,
          uniq_natasha
D:4:      layout_rooms
D:5:      layout_loops_ring, zin_treasury, grunt_dithmenos_smoke,
          bloody_makhleb, nicolae_ru_awakened_eye, serial_shops, shop,
          st_stairs_13, kennysheep_generic_room_12, uniq_eustachio,
          uniq_blork_the_orc
D:6:      layout_basic, minmay_temple_entry_butterflies, st_stairs_12
Temple:   jpeg_temple_clearing

Skill      XL: |  1  2  3  4  5  6  7  8 |
---------------+-------------------------+-----
Stealth        | 3 4 5 6 |  6.8
Earth Magic    | 4 5 6 |  6.5
Fighting       | 1 |  1.6
Conjurations   | 1 2 3 |  3.2
Spellcasting   | 3 4 5 |  5.1
Dodging        | |  2.7
Transmutations | |  1.0

Action                   |  1- 3 |  4- 6 |  7- 9 || total
-------------------------+-------+-------+-------++-------
Melee: Tentacles         |    13 |    16 |     8 ||    37
       Unarmed           |     4 |       |       ||     4
       Dagger            |    40 |   124 |     8 ||   172
       Constrict         |    11 |    30 |     9 ||    50
       Staff             |       |    13 |     2 ||    15
       Trident           |       |       |    38 ||    38
Throw: Dart              |       |     1 |       ||     1
 Cast: Sandblast         |     6 |    41 |    33 ||    80
       Stone Arrow       |       |       |     7 ||     7
  Use: Scroll            |       |     1 |     1 ||     2
 Stab: Sleeping          |    14 |    18 |     7 ||    39
       Distracted        |       |     1 |     1 ||     2
Armor: Skin              |     1 |     8 |    16 ||    25
Dodge: Dodged            |    20 |    80 |    43 ||   143
